 Dungeon Crawl Stone Soup version 0.24.1 (webtiles) character file.

Game seed: 8465231205877078546, levelgen mode: deterministic

311 nightchill the Ruffian (level 6, -5/56 HPs)
             Began as a Ghoul Monk on Apr 2, 2020.
             Slain by Duvessa
             ... wielding a +0 rapier
              (16 damage)
             ... on level 4 of the Dungeon.
             The game lasted 00:07:12 (2401 turns).

nightchill the Ruffian (Ghoul Monk)                 Turns: 2401, Time: 00:07:12

Health: -5/56      AC: 10    Str: 15    XL:     6   Next: 42%
Magic:  5/5        EV: 10    Int:  7    God:
Gold:   159        SH:  0    Dex: 11    Spells: 5/5 levels left

rFire    + . .     SeeInvis .     - Unarmed
rCold    + . .     Gourm    .   (no shield)
rNeg     + + +     Faith    .   h - +0 scale mail
rPois    ∞         Spirit   .   r - +3 helmet of Sutzem {rF+ Slay+2}
rElec    .         Reflect  .   (no cloak)
rCorr    .         Harm     .   (no gloves)
MR       .....                  (no boots)
Stlth    ..........             (no amulet)
HPRegen  0.00/turn              (no ring)
MPRegen  0.09/turn              (no ring)

@: rotting
A: rotting body, claws 1, carnivore, cold resistance 1, negative energy
resistance 3, inhibited regeneration, torment resistance, unbreathing
a: no special abilities


You were on level 4 of the Dungeon.
You were not hungry.

You visited 1 branch of the dungeon, and saw 4 of its levels.

You collected 159 gold pieces.

Inventory:

Hand Weapons
 g - a +0 hunting sling
 v - a cursed -1 hunting sling
Missiles
 i - 64 sling bullets
 m - 109 stones (quivered)
 y - 10 poisoned darts
 A - 8 datura-tipped darts
Armour
 a - a +0 robe
 d - a +0 ring mail
 h - a +0 scale mail (worn)
 r - the +3 helmet of Sutzem (worn) {rF+ Slay+2}
   (You took it off Robin on level 2 of the Dungeon)

   It affects your accuracy and damage with ranged weapons and melee attacks
   (+2).
   It protects you from fire.
Jewellery
 l - an uncursed ring of flight {unknown}
 u - a cursed -4 ring of protection {unknown}
 x - an uncursed ring of wizardry {unknown}
Wands
 B - a wand of iceblast (9)
Scrolls
 f - a scroll of amnesia {unknown}
 n - 5 scrolls of identify {unknown}
 p - a scroll of teleportation {unknown}
 s - 4 scrolls of remove curse {unknown}
 w - a scroll of magic mapping {unknown}
 z - a scroll of blinking {unknown}
Potions
 c - a potion of heal wounds {unknown}
 e - a potion of might {unknown}
 j - a potion of degeneration {unknown}
 k - a potion of ambrosia {unknown}
 o - a potion of flight {unknown}
 t - a potion of curing {unknown}
Comestibles
 b - 8 rations


   Skills:
 + Level 5.1 Fighting
 - Level 2.6 Dodging
 - Level 2.1 Stealth
 * Level 6.5 Unarmed Combat


You had 5 spell levels left.
You didn't know any spells.
Your spell library was empty.

Dungeon Overview and Level Annotations

Branches:
Dungeon (4/15)
 Temple: D:4-7

Altars:
Elyvilon
Gozag

Annotations:
D:3 exclusion: downstairs
D:4 Duvessa


Innate Abilities, Weirdness & Mutations

Your body is rotting away.
You thrive on raw meat.
You are immune to poison.
You have sharp fingernails.
You are carnivorous and can eat meat at any time.
Your flesh is cold resistant. (rC+)
You are immune to negative energy. (rN+++)
You do not regenerate when monsters are visible.
You are immune to unholy pain and torment.
You can survive without breathing.


Message History

Duvessa hits you with a +0 rapier!
You barely miss Duvessa.
Duvessa is moderately wounded.
Duvessa hits you but does no damage.
You barely miss Duvessa.
Duvessa is moderately wounded.
Duvessa hits you but does no damage.
You scratch Duvessa.
Duvessa is moderately wounded.
Duvessa hits you with a +0 rapier.
Duvessa rages.
Duvessa hits you with a +0 rapier!
* * * LOW HITPOINT WARNING * * *
Duvessa closely misses you.
Okay, then.
Evoke which item? (* to show all) (? for menu, Esc to quit)
Okay, then.
You are no longer glowing.
Duvessa hits you with a +0 rapier!
You die...

#.....♣♣
♣...........
#.....♣♣
♣.#....#####
#......♣♣♣♣♣♣......#
#..................#
#..........##.#....#
###.....#.....###'##
## #####.####### #.#
###. #e# #.###..<
#@# ######.......
#.# #...##.......
#.# #...##.......
#.####...##.###'##
#........##.....#
#####....########
#....# #....# ##...#
#.


You could see Duvessa (berserk).

Vanquished Creatures
  Dowan (D:4)
  A howler monkey (D:3)
  A hound (D:4)
  Natasha (thrice) (D:2)
  Robin (D:2)
  4 adders
  An adder skeleton (D:4)
  3 dart slugs
  3 leopard geckos
  3 orcs (D:3)
  4 bats
  2 giant cockroaches
  12 goblins
  5 hobgoblins
  2 jackals (D:2)
  5 kobolds
  2 quokkas (D:2)
  7 frilled lizards
  8 rats
68 creatures vanquished.

Notes
Turn   | Place    | Note
-------+----------+-------------------------------------------
     0 | D:1      | nightchill the Ghoul Monk began the quest for the Orb.
     0 | D:1      | Reached XP level 1. HP: 19/19 MP: 0/0
   197 | D:1      | Reached XP level 2. HP: 26/26 MP: 1/1
   775 | D:2      | Noticed Natasha
   780 | D:2      | Killed Natasha
   780 | D:2      | Reached skill level 4 in Unarmed Combat
   780 | D:2      | Reached XP level 3. HP: 29/33 MP: 2/2
   842 | D:2      | Noticed Natasha
   854 | D:2      | Killed Natasha
   854 | D:2      | Reached XP level 4. HP: 25/40 MP: 3/3
   916 | D:2      | Found a white marble altar of Elyvilon.
   940 | D:2      | Reached skill level 5 in Unarmed Combat
  1045 | D:2      | Identified the +3 helmet of Sutzem {rF+ Slay+2}
  1045 | D:2      | Noticed Robin
  1073 | D:2      | Killed Robin
  1182 | D:2      | Noticed Natasha
  1188 | D:2      | Killed Natasha
  1188 | D:2      | Reached XP level 5. HP: 47/47 MP: 4/4
  1485 | D:3      | Found an opulent altar of Gozag.
  1760 | D:3      | Reached skill level 6 in Unarmed Combat
  2139 | D:3      | Reached XP level 6. HP: 50/55 MP: 5/5
  2227 | D:4      | Noticed Duvessa
  2227 | D:4      | Noticed Dowan
  2368 | D:4      | Reached skill level 5 in Fighting
  2385 | D:4      | Killed Dowan
  2401 | D:4      | Slain by Duvessa

Levels and vault maps discovered:
D:1:      minmay_arrival_hallway, layout_basic
D:2:      layout_loops_ring, old_standard_altar, first_ration,
          chequers_serial_rivers_micro_e, uniq_robin, uniq_natasha
D:3:      layout_loops_ring, grunt_gozag_statues
D:4:      layout_basic, kiku_gazebo_garden_becter, nrook_loot_triangle,
          nrook_campfire, uniq_duvessa

Skill      XL: |  1  2  3  4  5  6 |
---------------+-------------------+-----
Unarmed Combat | 4 5 6 |  6.5
Fighting       | 4 5 |  5.1
Dodging        | |  2.6
Stealth        | |  2.1

Action                   |  1- 3 |  4- 6 || total
-------------------------+-------+-------++-------
Melee: Unarmed           |    46 |   159 ||   205
       Punch             |       |     2 ||     2
  Eat: Chunk             |     7 |    14 ||    21
Armor: Scale mail        |    11 |    71 ||    82
       Ring mail         |     1 |       ||     1
Dodge: Dodged            |    17 |    81 ||    98
